[Event "Titled Tuesday Blitz January 10 Early 2023"]
[White "Guevara Sanchez, Erick Marvin"]
[Black "Fayzullaev, Akmal"]
[WhiteFideId "6700136"]
[BlackFideId "14200554"]
[WhiteElo "2073"]
[BlackElo "2391"]
[Result "0-1"]
[Round "01"]
[TimeControl "180+2"]
[Date "2023.01.10"]
[WhiteClock "0:00:31"]
[BlackClock "0:00:11"]

1. e4 e5 2. Nf3 Nc6 3. Bc4 Nf6 4. d3 Bc5 5. Nc3 d6 6. h3 h6 7. O-O g5 8. Be3 Bb6 9. Nh2 Ne7 10. Qf3 Ng6 11. Nd5 Nf4 12. Bxb6 axb6 13. Nxf4 gxf4 14. d4 Qe7 15. Rad1 Bd7 16. dxe5 Qxe5 17. c3 O-O-O 18. Bxf7 Rdf8 19. Bb3 Bc6 20. Ng4 Nxg4 21. Qxg4+ Kb8 22. f3 Rf6 23. Qh4 Rh7 24. Qf2 Rg7 25. Rd2 Rg3 26. Kh1 Qg5 27. Rfd1 Rg6 28. Bc2 Qh4 29. Kh2 Bd7 30. Rh1 Rxh3+ 31. Kg1 Rxh1# 0-1


[Site "https://www.chess.com"]

[Event "Titled Tuesday Blitz January 10 Early 2023"]
[White "Crevatin, Leo"]
[Black "Simonovic, Miroslav"]
[WhiteFideId "1726307"]
[BlackFideId "919152"]
[WhiteElo "2292"]
[BlackElo "2082"]
[Result "1-0"]
[Round "01"]
[TimeControl "180+2"]
[Date "2023.01.10"]
[WhiteClock "0:01:42"]
[BlackClock "0:00:01"]

1. d4 Nf6 2. c4 c5 3. d5 b5 4. Qc2 bxc4 5. e4 d6 6. Bxc4 g6 7. Nf3 Nbd7 8. O-O Bg7 9. Nc3 O-O 10. Re1 Ng4 11. Bf1 a5 12. Nd2 Ba6 13. Bxa6 Rxa6 14. Rb1 Qa8 15. b3 Rb8 16. Bb2 Bd4 17. Re2 Nb6 18. Nb5 Bxb2 19. Rxb2 Nxd5 20. exd5 Rxb5 21. Rxe7 Rb7 22. Re2 Nf6 23. Qd3 a4 24. h4 axb3 25. axb3 Ra1+ 26. Kh2 Qa6 27. Nc4 Rb4 28. Qf3 Kg7 29. g3 Rc1 30. Rbd2 Rb1 31. Rd3 1-0


[Site "https://www.chess.com"]

[Event "Titled Tuesday Blitz January 10 Early 2023"]
[White "Winkels, Marcel"]
[Black "Badelka, Olga"]
[WhiteFideId "1003887"]
[BlackFideId "13509926"]
[WhiteElo "1960"]
[BlackElo "2406"]
[Result "0-1"]
[Round "01"]
[TimeControl "180+2"]
[Date "2023.01.10"]
[WhiteClock "0:00:18"]
[BlackClock "0:01:38"]

1. e4 e5 2. Nf3 Nc6 3. Bb5 Nf6 4. d3 d6 5. O-O a6 6. Bxc6+ bxc6 7. c3 c5 8. Nbd2 Be7 9. h3 O-O 10. Re1 Bd7 11. d4 cxd4 12. cxd4 exd4 13. Nxd4 Re8 14. N2f3 h6 15. e5 dxe5 16. Nxe5 Bd6 17. Nef3 Rxe1+ 18. Qxe1 Qe8 19. Qxe8+ Rxe8 20. Bd2 Ne4 21. Be3 f5 22. Nd2 f4 23. Nxe4 Rxe4 24. Nc2 fxe3 25. Nxe3 Bf4 26. Rd1 Bxe3 27. Rxd7 Bb6 28. Kf1 Rc4 29. Rd2 Kf7 30. Ke2 Ke6 31. b3 Rc3 32. Kd1 Rc6 33. f3 Rd6 34. Ke2 Rxd2+ 35. Kxd2 Kd5 36. Kd3 g5 37. a3 Bd4 38. b4 Be5 39. a4 Bf4 40. Kc3 Bd6 41. b5 axb5 42. a5 b4+ 43. Kb3 Kc6 44. Kc4 Kb7 45. Kb3 Ka6 46. Ka4 c5 0-1


[Site "https://www.chess.com"]

[Event "Titled Tuesday Blitz January 10 Early 2023"]
[White "Colas, Joshua"]
[Black "Rosh Jain"]
[WhiteFideId "2044447"]
[BlackFideId "25789465"]
[WhiteElo "2342"]
[BlackElo "2248"]
[Result "1-0"]
[Round "01"]
[TimeControl "180+2"]
[Date "2023.01.10"]
[WhiteClock "0:00:58"]
[BlackClock "0:00:12"]

1. Nf3 d5 2. c4 d4 3. b4 Nf6 4. Bb2 c5 5. e3 Nc6 6. bxc5 dxe3 7. fxe3 e6 8. d4 Be7 9. Nbd2 O-O 10. Be2 Ng4 11. Qb3 e5 12. O-O f5 13. h3 Na5 14. Qa3 e4 15. hxg4 exf3 16. Bxf3 fxg4 17. Bd5+ Kh8 18. Rxf8+ Bxf8 19. Bc3 Nc6 20. Rf1 Bd7 21. Ne4 Qh4 22. Be1 Qh5 23. Bg3 Be7 24. Qb2 Bd8 25. Rf8# 1-0


[Site "https://www.chess.com"]

[Event "Titled Tuesday Blitz January 10 Early 2023"]
[White "Souza, Gustavo Horokoski De"]
[Black "Srebrnic, Marko"]
[WhiteFideId "2146584"]
[BlackFideId "14603616"]
[WhiteElo "1943"]
[BlackElo "2366"]
[Result "0-1"]
[Round "01"]
[TimeControl "180+2"]
[Date "2023.01.10"]
[WhiteClock "0:00:57"]
[BlackClock "0:02:11"]

1. d4 Nf6 2. c4 g6 3. Nc3 Bg7 4. e4 d6 5. Be2 Nbd7 6. f4 O-O 7. Nf3 e5 8. dxe5 dxe5 9. O-O c6 10. fxe5 Ng4 11. e6 fxe6 12. h3 Qb6+ 13. Kh1 Nf2+ 14. Rxf2 Qxf2 15. Bd2 Ne5 16. Qb3 Nxf3 17. Bxf3 Rxf3 18. gxf3 Qxf3+ 19. Kg1 Bd4+ 20. Kh2 Qf2+ 21. Kh1 Be5 0-1


[Site "https://www.chess.com"]

[Event "Titled Tuesday Blitz January 10 Early 2023"]
[White "Turzo, Attila"]
[Black "Kovacevic, Radmila"]
[WhiteFideId "704954"]
[BlackFideId "933171"]
[WhiteElo "2279"]
[BlackElo "2106"]
[Result "1-0"]
[Round "01"]
[TimeControl "180+2"]
[Date "2023.01.10"]
[WhiteClock "0:00:21"]
[BlackClock "0:00:14"]

1. d4 e5 2. dxe5 Nc6 3. Nf3 Qe7 4. Bf4 Qb4+ 5. Bd2 Qxb2 6. Nc3 Bb4 7. Rb1 Qxc3 8. Bxc3 Bxc3+ 9. Nd2 Bxe5 10. e3 Nf6 11. Be2 O-O 12. O-O d5 13. c4 Rd8 14. Qc2 a5 15. cxd5 Nb4 16. Qb3 Bf5 17. Rbc1 Rxd5 18. Nf3 Be6 19. Bc4 c6 20. Bxd5 Bxd5 21. Qd1 Bc7 22. a3 Na6 23. Nd2 Rd8 24. Qe2 b5 25. e4 Be6 26. Rxc6 Bf4 27. Rxa6 h6 28. Rd1 Bg4 29. f3 Bc8 30. Ra8 Kh7 31. Nf1 Re8 32. Qxb5 Bd7 33. Qa6 Re7 34. Qxa5 Be6 35. Ra7 Re8 36. Rd8 Rxd8 37. Qxd8 Be5 38. Ra8 Kg6 39. g3 Nh5 40. f4 Bf6 41. f5+ Kg5 42. fxe6 Bxd8 43. exf7 Be7 44. f8=Q Bxf8 45. Rxf8 Nf6 46. Rxf6 Kxf6 47. Kf2 Ke5 48. Ke3 Kd6 49. Nd2 Kc6 50. Nf3 Kb6 51. Kd4 Ka5 52. Kd5 Ka4 53. Kd6 Kxa3 54. e5 Kb4 55. e6 Kc3 56. e7 Kd3 57. e8=Q g5 58. Kd5 g4 59. Qe4+ Kc3 60. Qe3+ Kc2 61. Qd2+ Kb1 62. Nd4 h5 63. Qc2+ Ka1 64. Nb3# 1-0


[Site "https://www.chess.com"]

[Event "Titled Tuesday Blitz January 10 Early 2023"]
[White "Johnson, Ben"]
[Black "Seemann, Jakub"]
[WhiteFideId "2010917"]
[BlackFideId "21874697"]
[WhiteElo "1961"]
[BlackElo "2446"]
[Result "0-1"]
[Round "01"]
[TimeControl "180+2"]
[Date "2023.01.10"]
[WhiteClock "0:00:03"]
[BlackClock "0:00:43"]

1. Nf3 Nf6 2. c4 g6 3. b3 Bg7 4. Bb2 O-O 5. g3 d6 6. d4 Nbd7 7. Bg2 c6 8. O-O Qc7 9. Nc3 Rd8 10. e4 e5 11. d5 a5 12. dxc6 bxc6 13. Qe2 Nc5 14. Rfd1 Bg4 15. h3 Bxf3 16. Qxf3 Ne6 17. Ne2 Nd7 18. h4 Ndc5 19. h5 Rab8 20. Bc3 Na6 21. Bh3 Ng5 22. Qg4 Nxh3+ 23. Qxh3 Nc5 24. Qg4 Ra8 25. Kg2 Qd7 26. Qxd7 Rxd7 27. f4 Nxe4 28. Bxe5 Re8 29. Bxg7 Kxg7 30. Nd4 c5 31. Nb5 gxh5 32. Rd3 f5 33. Rh1 Kg6 34. Rhd1 Re6 35. Nc3 Nxc3 36. Rxc3 Re2+ 37. Kf3 Rxa2 38. Rcd3 Rb2 39. Rxd6+ Rxd6 40. Rxd6+ Kf7 41. Rd7+ Ke6 42. Rxh7 Rxb3+ 43. Kg2 a4 44. Rh6+ Kf7 45. Rxh5 Kg6 46. Rh8 Rb4 47. Rg8+ Kf7 48. Rg5 Kf6 49. g4 Rxc4 50. Rxf5+ Ke6 51. Re5+ Kd6 52. g5 Rxf4 53. Re3 Rg4+ 54. Kf3 Rxg5 55. Ra3 Re5 56. Rxa4 Kd5 57. Ra8 Kd4 58. Ra7 c4 59. Rd7+ Kc3 60. Rc7 Re8 61. Kf4 Kd3 62. Rd7+ Kc2 63. Rc7 c3 64. Rc6 Kd2 65. Rd6+ Kc1 66. Rc6 c2 67. Rc7 Re2 68. Rc8 Kd1 69. Rd8+ Rd2 0-1


[Site "https://www.chess.com"]

[Event "Titled Tuesday Blitz January 10 Early 2023"]
[White "ArchibaldCerveza29"]
[Black "Fajdetic, Hrvoje"]
[BlackFideId "14501945"]
[WhiteElo "2537"]
[BlackElo "2151"]
[Result "1-0"]
[Round "01"]
[TimeControl "180+2"]
[Date "2023.01.10"]
[WhiteClock "0:00:19"]
[BlackClock "0:00:06"]

1. d4 e6 2. c4 f5 3. Nc3 Bb4 4. g3 Bxc3+ 5. bxc3 Nf6 6. Bg2 O-O 7. Rb1 c6 8. Nh3 d6 9. O-O Qe8 10. a4 e5 11. Ba3 Rf7 12. Bxd6 exd4 13. cxd4 Ne4 14. Bb4 Na6 15. Bd2 Be6 16. Rc1 Rd8 17. Be3 Rfd7 18. Qb3 Bf7 19. Ng5 Nxg5 20. Bxg5 Rb8 21. e3 h6 22. Bf4 Rc8 23. Rfd1 g5 24. Be5 Rcd8 25. Qb1 Bg6 26. Re1 Qf8 27. d5 Nb4 28. d6 a5 29. Qb3 Qf7 30. Qc3 Re8 31. f4 Qe6 32. Red1 Na2 33. Qb2 Nxc1 34. Qxc1 Bf7 35. Bf1 h5 36. Qb2 h4 37. Rc1 hxg3 38. hxg3 Qh6 39. Rc2 Bh5 40. Rh2 Rh7 41. Rh3 Qg6 42. c5 Bf3 43. Rxh7 Qxh7 44. Bc4+ Kf8 45. Qh2 Qxh2+ 46. Kxh2 Bd5 47. Bxd5 cxd5 48. Bf6 Ra8 49. d7 g4 50. d8=Q+ Rxd8 51. Bxd8 Ke8 52. Bxa5 Kd7 53. Bc3 Kc6 54. Bd4 1-0


[Site "https://www.chess.com"]

[Event "Titled Tuesday Blitz January 10 Early 2023"]
[White "Ruge, Edison"]
[Black "Rangel, Daniel"]
[WhiteFideId "4401000"]
[BlackFideId "2124475"]
[WhiteElo "2201"]
[BlackElo "2207"]
[Result "1-0"]
[Round "01"]
[TimeControl "180+2"]
[Date "2023.01.10"]
[WhiteClock "0:00:57"]
[BlackClock "0:00:17"]

1. e4 c5 2. Nf3 g6 3. d3 Bg7 4. g3 Nc6 5. Bg2 d6 6. O-O e5 7. h4 Bg4 8. c3 Nge7 9. Qc2 Qd7 10. Re1 h6 11. Nbd2 f5 12. exf5 gxf5 13. Nh2 Bh5 14. Nc4 d5 15. Nd2 O-O-O 16. Nb3 Qd6 17. Be3 d4 18. cxd4 cxd4 19. Bd2 Kb8 20. a3 Rc8 21. Qc5 Qd7 22. Qb5 a6 23. Qa4 Qd6 24. Rac1 Na7 25. Bb4 Qd8 26. Bxb7 Kxb7 27. Nc5+ Ka8 28. Qxa6 Rb8 29. Ne6 Rb6 30. Nxd8 Rxa6 31. Bxe7 Rb6 32. Rc7 Nb5 33. Rc8+ Ka7 34. Bc5 e4 35. a4 Nd6 36. Rc7+ Kb8 37. Bxb6 exd3 38. Nc6+ Ka8 39. Ra7# 1-0


[Site "https://www.chess.com"]

[Event "Titled Tuesday Blitz January 10 Early 2023"]
[White "Buksa, Nataliya"]
[Black "Kho, Darrell"]
[WhiteFideId "14123622"]
[BlackFideId "1019317"]
[WhiteElo "2406"]
[BlackElo "2075"]
[Result "1-0"]
[Round "01"]
[TimeControl "180+2"]
[Date "2023.01.10"]
[WhiteClock "0:01:52"]
[BlackClock "0:00:03"]

1. d4 f5 2. Nc3 Nf6 3. Nf3 g6 4. g3 Bg7 5. Bg2 O-O 6. O-O d6 7. Nd2 c6 8. e4 fxe4 9. Ndxe4 Nxe4 10. Nxe4 e5 11. dxe5 Bxe5 12. c3 d5 13. Nc5 Bd6 14. Be3 Qe7 15. Nd3 Nd7 16. Re1 Qf7 17. Qd2 Re8 18. b4 Ne5 19. Nxe5 Bxe5 20. f4 Bf6 21. Bd4 Bd7 22. Rxe8+ Rxe8 23. Bxa7 Qg7 24. Bd4 Bxd4+ 25. cxd4 Qe7 26. Kf2 Bg4 27. Re1 Qxe1+ 28. Qxe1 Rxe1 29. Kxe1 Kf7 30. b5 Ke7 31. bxc6 bxc6 32. Kd2 Kd6 33. Kc3 c5 34. a4 c4 35. a5 Kc6 36. Kb4 Be6 37. Bf3 Bc8 38. g4 Ba6 39. h3 Kd6 40. Bd1 Kc6 41. Bc2 Kd6 42. f5 gxf5 43. Bxf5 h6 44. h4 Kc6 45. g5 Bb7 46. gxh6 1-0


[Site "https://www.chess.com"]

[Event "Titled Tuesday Blitz January 10 Early 2023"]
[White "Kiseleva, Arina"]
[Black "Przybylski, Wojciech"]
[WhiteFideId "4164989"]
[BlackFideId "1117599"]
[WhiteElo "1962"]
[BlackElo "2321"]
[Result "0-1"]
[Round "01"]
[TimeControl "180+2"]
[Date "2023.01.10"]
[WhiteClock "0:00:05"]
[BlackClock "0:00:06"]

1. d4 Nf6 2. Nf3 d5 3. e3 Bg4 4. Be2 e6 5. Ne5 Bxe2 6. Qxe2 Nbd7 7. O-O a6 8. b3 Bd6 9. Bb2 O-O 10. Nd2 Rc8 11. Ndf3 Ne4 12. Nxd7 Qxd7 13. Ne5 Qe8 14. f3 Nf6 15. Qf2 Nd7 16. Qh4 f6 17. Nd3 c5 18. dxc5 Nxc5 19. Rac1 b5 20. Kh1 e5 21. Ba3 Qe7 22. Nxc5 Bxc5 23. Bxc5 Qxc5 24. Rfe1 Qc3 25. Qh3 Qc6 26. e4 d4 27. Qg4 Qd6 28. h4 Rc3 29. h5 Rfc8 30. h6 g6 31. f4 exf4 32. Rf1 g5 33. Qf5 R8c5 34. Qg4 Rg3 35. Qh5 Re5 36. c4 dxc3 37. Rfd1 Qe7 38. Rd5 Rxd5 39. exd5 Rd3 40. d6 Rxd6 41. Rxc3 Qe1+ 42. Kh2 Rd8 43. Rc7 Qg3+ 44. Kh1 Qe1+ 45. Kh2 Qh4+ 46. Qxh4 gxh4 47. Rg7+ Kh8 48. Rf7 Kg8 49. Rxf6 Rd2 50. Rxa6 f3 51. Kh3 fxg2 52. Kh2 h3 53. Ra7 Rd1 54. Rg7+ Kh8 55. a4 Rh1+ 56. Kg3 g1=Q+ 57. Kh4 Qxg7 58. hxg7+ Kxg7 59. axb5 Rb1 60. Kxh3 Rxb3+ 61. Kg4 Rxb5 0-1


[Site "https://www.chess.com"]

[Event "Titled Tuesday Blitz January 10 Early 2023"]
[White "Al-Tarboush, Ward"]
[Black "Tuleyeva-Aketayeva, Dana"]
[WhiteFideId "7601450"]
[BlackFideId "13701932"]
[WhiteElo "2256"]
[BlackElo "2130"]
[Result "1-0"]
[Round "01"]
[TimeControl "180+2"]
[Date "2023.01.10"]
[WhiteClock "0:01:56"]
[BlackClock "0:00:07"]

1. e4 c5 2. Nf3 Nc6 3. d4 cxd4 4. Nxd4 g6 5. c4 Bg7 6. Be3 Nf6 7. Nc3 d6 8. Be2 O-O 9. O-O Bd7 10. f3 a5 11. b3 a4 12. Nxa4 Nxd4 13. Bxd4 Bxa4 14. bxa4 Qa5 15. Rb1 Qxa4 16. Rxb7 Qxd1 17. Bxd1 Rxa2 18. Rxe7 Rc8 19. Bb3 Ra3 20. Rb1 Rb8 21. Ra7 Rxa7 22. Bxa7 Rb7 23. Bd4 Nd7 24. Bxg7 Kxg7 25. Bc2 Rxb1+ 26. Bxb1 Nb6 27. Bd3 Kf6 28. Kf2 Ke5 29. Ke3 Nd7 30. f4+ Kf6 31. Kd4 Ke6 32. g4 f6 33. h4 Nb6 34. Bc2 Ke7 35. Bb3 Nd7 36. Ba4 Nc5 37. Bc6 Ne6+ 38. Ke3 Nd8 39. Bd5 h6 40. g5 fxg5 41. fxg5 hxg5 42. hxg5 Kd7 43. Kd4 Ke7 44. e5 dxe5+ 45. Kxe5 Kf8 46. Kf6 Ke8 47. Kxg6 Ke7 48. Kh7 Nf7 49. Bxf7 Kxf7 50. g6+ 1-0


[Site "https://www.chess.com"]

[Event "Titled Tuesday Blitz January 10 Early 2023"]
[White "Bryan, Jarod"]
[Black "Goltseva, Ekaterina"]
[WhiteFideId "2009617"]
[BlackFideId "24173770"]
[WhiteElo "2167"]
[BlackElo "2283"]
[Result "1/2-1/2"]
[Round "01"]
[TimeControl "180+2"]
[Date "2023.01.10"]
[WhiteClock "0:00:22"]
[BlackClock "0:00:11"]

1. e4 e5 2. Nf3 Nc6 3. Bb5 a6 4. Ba4 Nf6 5. O-O Be7 6. Re1 b5 7. Bb3 d6 8. c3 O-O 9. d4 Nd7 10. Be3 Na5 11. Nbd2 Nxb3 12. axb3 Bb7 13. h3 c5 14. dxe5 dxe5 15. Qe2 Qc7 16. Nh2 Nf6 17. Bg5 Ne8 18. Bxe7 Qxe7 19. Ng4 Nd6 20. Ne3 Qe6 21. f3 g6 22. Qf2 f5 23. exf5 gxf5 24. Nef1 Rac8 25. f4 e4 26. Ne3 Kh8 27. Ndf1 Qxb3 28. Rad1 Qe6 29. Kh2 Rg8 30. g3 Rcd8 31. Rd2 Rg7 32. Red1 Rgd7 33. g4 fxg4 34. hxg4 Ne8 35. Qh4 Rxd2+ 36. Rxd2 Rxd2+ 37. Nxd2 Nf6 38. Ndf1 Kg7 39. Qg5+ Kh8 40. Qxc5 Nd7 41. Qd4+ Kg8 42. f5 Qe5+ 43. Qxe5 Nxe5 44. Kg3 Nd3 45. b4 Kf7 46. g5 Bc6 47. Nd2 Ne5 48. Kf4 Nd3+ 49. Kg4 Nf2+ 50. Kf4 Nd3+ 51. Kg3 Ne5 52. Kf4 Nd3+ 1/2-1/2


[Site "https://www.chess.com"]

[Event "Titled Tuesday Blitz January 10 Early 2023"]
[White "Kvaloy, Aksel Bu"]
[Black "Larina, Maria"]
[WhiteFideId "1528815"]
[BlackFideId "24113182"]
[WhiteElo "2321"]
[BlackElo "1948"]
[Result "1-0"]
[Round "01"]
[TimeControl "180+2"]
[Date "2023.01.10"]
[WhiteClock "0:00:26"]
[BlackClock "0:00:03"]

1. d4 f5 2. c4 Nf6 3. Nc3 d6 4. g3 g6 5. Bg2 Bg7 6. e4 fxe4 7. Nxe4 Nxe4 8. Bxe4 Nc6 9. Ne2 O-O 10. O-O e5 11. d5 Nd4 12. Nxd4 exd4 13. Qd3 Bh3 14. Re1 Qf6 15. f3 Rae8 16. Bd2 b6 17. b4 Bf5 18. Bxf5 Qxf5 19. Qxf5 Rxe1+ 20. Rxe1 Rxf5 21. Kf2 h6 22. Re4 Rf7 23. Ke2 Kh7 24. f4 Bf6 25. Kd3 g5 26. f5 Be5 27. g4 Bxh2 28. Kxd4 Be5+ 29. Kd3 Kg7 30. Bc3 Bxc3 31. Kxc3 Kf8 32. Kd4 h5 33. gxh5 Rxf5 34. Re6 Rf4+ 35. Kd3 Rh4 36. h6 g4 37. Rg6 Kf7 38. Rg7+ Kf6 39. a4 Rh3+ 40. Kd4 g3 41. Rg4 Rxh6 42. Rxg3 Rh4+ 43. Kc3 Ke5 44. Re3+ Re4 45. Rh3 Rf4 46. Kd3 Rg4 47. Rh5+ Kf4 48. Rh7 Rg3+ 49. Kd4 Ra3 50. Rf7+ Kg5 51. Rxc7 Rxa4 52. b5 a5 53. bxa6 Rxa6 54. Rc6 Ra7 55. Rxd6 Rb7 56. Ke5 Kg4 57. Rf6 Kg5 58. Rf1 Kg6 59. d6 Rd7 60. Ke6 Rb7 61. d7 Rb8 62. Ke7 1-0


[Site "https://www.chess.com"]

[Event "Titled Tuesday Blitz January 10 Early 2023"]
[White "Mitrovic, Darko R"]
[Black "Mica, Marek"]
[WhiteFideId "927023"]
[BlackFideId "382884"]
[WhiteElo "2220"]
[BlackElo "2256"]
[Result "0-1"]
[Round "01"]
[TimeControl "180+2"]
[Date "2023.01.10"]
[WhiteClock "0:00:10"]
[BlackClock "0:00:19"]

1. d4 Nf6 2. Nf3 e6 3. g3 d5 4. Bg2 Bd6 5. O-O h6 6. c4 O-O 7. b3 b6 8. Ba3 Bb7 9. Bxd6 cxd6 10. Nc3 Nbd7 11. cxd5 exd5 12. Rc1 a6 13. e3 b5 14. Ne1 Qa5 15. Nd3 Rac8 16. Qe1 Qb6 17. Nf4 Rxc3 18. Qxc3 Rc8 19. Qd2 Re8 20. Qc3 Rc8 21. Qxc8+ Bxc8 22. Rxc8+ Kh7 23. Nxd5 Nxd5 24. Bxd5 Kg6 25. Rfc1 Nf6 26. Bf3 Qa5 27. R8c2 h5 28. h4 Qb4 29. Kg2 a5 30. Be2 Kf5 31. Bd3+ Ke6 32. Be2 g6 33. Bf3 Ne8 34. Bc6 Ng7 35. a4 bxa4 36. bxa4 Nf5 37. Be4 Ne7 38. Rc4 Qd2 39. Bf3 Nf5 0-1


[Site "https://www.chess.com"]

[Event "Titled Tuesday Blitz January 10 Early 2023"]
[White "Janaszak, Dawid"]
[Black "Stead, Kerry"]
[WhiteFideId "1119206"]
[BlackFideId "3202577"]
[WhiteElo "2316"]
[BlackElo "1908"]
[Result "1-0"]
[Round "01"]
[TimeControl "180+2"]
[Date "2023.01.10"]
[WhiteClock "0:00:55"]
[BlackClock "0:01:03"]

1. e4 c5 2. Nc3 Nf6 3. e5 Ng8 4. Nf3 d5 5. exd6 exd6 6. Bc4 Be6 7. Bxe6 fxe6 8. d4 cxd4 9. Nxd4 Qd7 10. O-O Nc6 11. Re1 e5 12. Nxc6 bxc6 13. f4 O-O-O 14. fxe5 dxe5 15. Be3 Bb4 16. Qe2 Nf6 17. Rad1 Qc7 18. Qc4 Bxc3 19. Qxc3 Nd5 20. Qc5 Nxe3 21. Qxe3 Rxd1 22. Rxd1 Qb6 23. Qxb6 axb6 24. Rd6 Kc7 25. Re6 Rd8 26. Re7+ Rd7 27. Rxd7+ Kxd7 28. Kf2 Kd6 29. Ke3 Kd5 30. a4 c5 31. b3 c4 32. b4 g6 33. c3 h6 34. h4 Kd6 35. Ke4 Ke6 36. a5 bxa5 37. bxa5 Kd6 38. a6 Kc6 39. Kxe5 Kb6 40. Kd4 Kxa6 41. Kxc4 Kb6 42. Kd4 Kc6 43. Ke5 Kc5 44. Kf6 g5 45. hxg5 hxg5 46. Kxg5 Kc4 47. Kf6 Kxc3 48. g4 Kd4 49. g5 Ke4 50. g6 1-0


[Site "https://www.chess.com"]

[Event "Titled Tuesday Blitz January 10 Early 2023"]
[White "Flis, Pawel"]
[Black "Turner, Max N"]
[WhiteFideId "1112864"]
[BlackFideId "447722"]
[WhiteElo "1879"]
[BlackElo "2264"]
[Result "0-1"]
[Round "01"]
[TimeControl "180+2"]
[Date "2023.01.10"]
[WhiteClock "0:00:10"]
[BlackClock "0:00:15"]

1. e4 e5 2. d4 exd4 3. Nf3 Nc6 4. Bc4 Bc5 5. c3 Nf6 6. e5 d5 7. Bb5 Ne4 8. cxd4 Bb4+ 9. Bd2 Bxd2+ 10. Nbxd2 O-O 11. h3 Bf5 12. Bxc6 bxc6 13. O-O Rb8 14. Nb3 Qe7 15. Rc1 Rb6 16. Qe1 Rfb8 17. Qa5 a6 18. Nc5 Rb5 19. Qxa6 Nxc5 20. Rxc5 Rxc5 21. dxc5 Qxc5 22. b3 h6 23. Qa4 Rb4 24. Qa8+ Kh7 25. Qd8 Be4 26. Qxc7 Bxf3 27. gxf3 Qc3 28. Qxf7 Qxe5 29. Rc1 Qg5+ 30. Kh2 Rf4 31. Qd7 Rxf3 32. Rf1 Rf6 33. Qg4 Qe5+ 34. Qg3 Qe4 35. Qg4 Qc2 36. Rg1 Rxf2+ 37. Kh1 Rh2# 0-1


[Site "https://www.chess.com"]

[Event "Titled Tuesday Blitz January 10 Early 2023"]
[White "Zhang, Derek"]
[Black "ritanovikova"]
[WhiteFideId "2087871"]
[WhiteElo "2186"]
[BlackElo "2112"]
[Result "1-0"]
[Round "01"]
[TimeControl "180+2"]
[Date "2023.01.10"]
[WhiteClock "0:01:14"]
[BlackClock "0:00:05"]

1. Nf3 Nf6 2. c4 g6 3. Nc3 Bg7 4. e4 d6 5. d4 O-O 6. h3 Nbd7 7. Be3 Re8 8. Be2 c6 9. g4 e5 10. d5 cxd5 11. cxd5 Nc5 12. Nd2 a5 13. a3 b6 14. b4 Ncd7 15. Nb5 Nf8 16. f3 Ba6 17. Rb1 Bxb5 18. Bxb5 Re7 19. Nc4 Rb8 20. Qd2 Ra7 21. bxa5 N8d7 22. axb6 Rab7 23. a4 Nxb6 24. Nxb6 Rxb6 25. Bxb6 Qxb6 26. Ke2 Qa7 27. Rhc1 h5 28. Bc6 hxg4 29. hxg4 Kf8 30. Rxb8+ Qxb8 31. a5 Qc8 32. Ra1 Nxg4 33. a6 Bh6 34. Qb4 Nh2 35. a7 Qh3 36. Qxd6+ Kg7 37. Qxe5+ Kh7 38. Qf6 Qg2+ 39. Kd3 Qd2+ 40. Kc4 Qc2+ 41. Kb5 Qb3+ 42. Ka6 Qc4+ 43. Kb7 Qb4+ 44. Kc8 Qf8+ 45. Kd7 Bg7 46. Qh4+ Bh6 47. a8=Q Qg7 48. Qxh2 f5+ 49. Kd6 Qf6+ 50. Kc7 Qe7+ 51. Kb8 Qd8+ 52. Ka7 Qc7+ 53. Qxc7+ 1-0


[Site "https://www.chess.com"]

[Event "Titled Tuesday Blitz January 10 Early 2023"]
[White "Lesbekova, Assel"]
[Black "Gurevich, Dmitry"]
[WhiteFideId "13713248"]
[BlackFideId "2000407"]
[WhiteElo "1772"]
[BlackElo "2393"]
[Result "1/2-1/2"]
[Round "01"]
[TimeControl "180+2"]
[Date "2023.01.10"]
[WhiteClock "0:00:06"]
[BlackClock "0:00:08"]

1. e4 c5 2. Nf3 d6 3. Bb5+ Bd7 4. Bxd7+ Qxd7 5. O-O Nc6 6. c4 Nf6 7. Qe2 e6 8. b3 Be7 9. Bb2 O-O 10. d4 cxd4 11. Nxd4 Rfd8 12. Rd1 a6 13. Na3 Ne5 14. f4 Ng6 15. Qf3 e5 16. Ne2 exf4 17. Nxf4 Nxf4 18. Qxf4 Qe6 19. Re1 Qg4 20. Qxg4 Nxg4 21. Nc2 b5 22. cxb5 axb5 23. Nd4 Bf6 24. h3 Ne5 25. Red1 b4 26. Nb5 Nf3+ 27. gxf3 Bxb2 28. Rab1 Be5 29. Rd2 Ra5 30. Nc7 Rc8 31. Nd5 Kf8 32. f4 Bc3 33. Nxc3 bxc3 34. Rc2 f5 35. exf5 Rxf5 36. Rbc1 Rfc5 37. Kf2 Ke7 38. Ke3 Ke6 39. Kd4 Rd5+ 40. Ke4 Ra5 41. a4 Rac5 42. Rg1 g6 43. h4 Rb8 44. Rb1 Rb4+ 45. Ke3 Kf5 46. h5 Re4+ 47. Kd3 Kxf4 48. Rf1+ Ke5 49. hxg6 hxg6 50. Rfc1 Rh4 51. Rxc3 Rh3+ 52. Kd2 Rd5+ 53. Ke2 Rh2+ 54. Ke3 g5 55. R1c2 Rh3+ 56. Ke2 Rh1 57. Ke3 g4 58. Kf2 Rh3 59. Rxh3 gxh3 60. Kg3 Rd3+ 61. Kh2 Rxb3 62. Ra2 d5 63. a5 Rb7 64. Kxh3 Ra7 65. Kg3 d4 66. Kf2 Kd5 67. Ke2 Kc4 68. Kd2 Kb5 69. Kd3 Rxa5 70. Rxa5+ Kxa5 71. Kxd4 1/2-1/2


[Site "https://www.chess.com"]

[Event "Titled Tuesday Blitz January 10 Early 2023"]
[White "Fisher_TheGalactic"]
[Black "Brizzi, Milagros Tatiana"]
[BlackFideId "128350"]
[WhiteElo "2530"]
[BlackElo "2110"]
[Result "1-0"]
[Round "01"]
[TimeControl "180+2"]
[Date "2023.01.10"]
[WhiteClock "0:00:53"]
[BlackClock "0:00:02"]

1. Nf3 d5 2. Ng1 c6 3. Nf3 Nf6 4. g3 Bg4 5. Bg2 Nbd7 6. O-O e5 7. d3 Bd6 8. Nbd2 e4 9. dxe4 dxe4 10. Ng5 Qe7 11. Ngxe4 Bc7 12. Nxf6+ Nxf6 13. Nf3 Rd8 14. Bd2 O-O 15. h3 Bh5 16. Re1 Ne4 17. Qc1 Qf6 18. Be3 h6 19. c3 Rfe8 20. Bd4 Qe6 21. Qc2 Bg6 22. Qb3 Qf5 23. Nh4 Qg5 24. Nxg6 Qxg6 25. Qxb7 Rxd4 26. Qxc7 Rd2 27. Rab1 h5 28. h4 Re6 29. Qxa7 Nxg3 30. Qb8+ Kh7 31. Qxg3 Qc2 32. Qf3 Rf6 33. Qxh5+ Rh6 34. Qf3 Rxh4 35. Bh3 Rd5 36. Qg3 Rhh5 37. Bg2 Rdg5 38. Qd3+ Qxd3 39. exd3 Rh6 40. Re3 1-0


[Site "https://www.chess.com"]

[Event "Titled Tuesday Blitz January 10 Early 2023"]
[White "Necula, Iulian"]
[Black "Becerra, Juan David"]
[WhiteFideId "1232380"]
[BlackFideId "4404998"]
[WhiteElo "1851"]
[BlackElo "2382"]
[Result "0-1"]
[Round "01"]
[TimeControl "180+2"]
[Date "2023.01.10"]
[WhiteClock "0:00:02"]
[BlackClock "0:01:36"]

1. d4 d5 2. Nc3 Nf6 3. Bf4 Nbd7 4. Nb5 e5 5. dxe5 Nh5 6. e3 a6 7. Qxh5 axb5 8. Bxb5 g6 9. Qf3 c6 10. Bd3 Bg7 11. e6 fxe6 12. c3 e5 13. Bg3 e4 14. Bxe4 dxe4 15. Qxe4+ Qe7 16. Qc4 Nc5 17. Ne2 Be6 18. Qh4 Nd3+ 19. Kd2 Nxb2 20. Qxe7+ Kxe7 21. Nd4 Rhd8 22. Kc2 Nc4 23. Rhb1 Na3+ 24. Kb2 Nxb1 25. Rxb1 Rxa2+ 26. Kc1 Bxd4 27. Rxb7+ Rd7 28. Rxd7+ Kxd7 29. cxd4 Bd5 30. Kb1 Re2 31. h4 h5 32. Kc1 Bxg2 33. Kd1 Bf3 34. Kc1 Ke6 0-1


[Site "https://www.chess.com"]

[Event "Titled Tuesday Blitz January 10 Early 2023"]
[White "Derjabin, Ilja"]
[Black "Selkirk, Rebecca"]
[WhiteFideId "14104768"]
[BlackFideId "14306514"]
[WhiteElo "2333"]
[BlackElo "1656"]
[Result "1-0"]
[Round "01"]
[TimeControl "180+2"]
[Date "2023.01.10"]
[WhiteClock "0:02:15"]
[BlackClock "0:00:04"]

1. d4 d5 2. c4 c6 3. Nf3 Nf6 4. Nc3 e6 5. g3 dxc4 6. Bg2 b5 7. O-O Bb7 8. Ne5 Qb6 9. a4 a6 10. axb5 cxb5 11. e4 Nbd7 12. Bf4 Be7 13. d5 exd5 14. exd5 Bc5 15. Nxd7 Nxd7 16. Re1+ Kf8 17. Ne4 Bb4 18. Re2 h6 19. b3 c3 20. Be3 Qg6 21. Qd4 a5 22. Nxc3 Bc5 23. Qf4 Bxe3 24. Qxe3 Nf6 25. Qe7+ 1-0


[Site "https://www.chess.com"]